Map: Blackburn LE

Players

TeebuL - Winner!

  • Race: Protoss Protoss

Demi

  • Race: Zerg Zerg

Event: DreamHack SC2 Masters 2021 Winter

VOD

Have the link to the VOD?

Description

Time

  • Played on: Oct. 1, 2021, 4:42 a.m.
  • Length: 6:25

All games in this series

Show
View Real Time Build Order
Export as new Build Order

TeebuL Protoss - Winner!

Build Orders: 1 Gate Expand, Mass Adepts 

Get SALT Encoding   

  12  0:00  Probe  
  13  0:12  Probe  
  14  0:17  Pylon  
  14  0:24  Probe  
  15  0:36  Probe (Chrono Boost)  
  15  0:40  Gateway  
  16  0:45  Probe (Chrono Boost)  
  16  0:48  Assimilator  
  17  0:51  Probe (Chrono Boost)  
  18  1:03  Probe  
  19  1:15  Probe  
  20  1:25  Nexus  
  20  1:32  Cybernetics Core  
  20  1:39  Probe  
  21  1:43  Assimilator  
  21  1:52  Probe  
  21  1:53  Pylon  
  22  2:04  Probe (Chrono Boost)  
  22  2:08  Stalker (Chrono Boost)  
  23  2:10  Warp Gate  
  26  2:16  Probe (Chrono Boost)  
  26  2:22  Probe (Chrono Boost)  
  27  2:27  Twilight Council  
  27  2:31  Adept  
  27  2:33  Probe  
  30  2:38  Probe  
  31  2:45  Probe  
  31  2:50  Probe  
  31  2:51  Robotics Facility  
  33  2:57  Probe  
  34  3:02  Probe  
  34  3:04  Resonating Glaives (Chrono Boost)  
  34  3:05  Gateway  
  35  3:09  Probe  
  36  3:14  Probe  
  36  3:19  Adept  
  39  3:21  Probe  
  39  3:25  Gateway  
  40  3:30  Gateway  
  40  3:31  Warp Prism  
  42  3:49  Gateway  
  42  3:55  Gateway  
  42  3:57  Pylon  
  42  4:00  Adept  
  42  4:01  Adept  
  46  4:09  Pylon  
  46  4:15  Probe x2  
  48  4:22  Adept x3  
  54  4:27  Probe  
  55  4:31  Adept  
  55  4:34  Probe  
  55  4:36  Pylon  
  58  4:42  Pylon, Adept x2  
  62  4:56  Adept x4  
  70  5:07  Pylon  
  70  5:17  Adept x4  
  70  5:19  Adept x2  
  66  5:39  Adept x6  
  58  6:04  Adept x5  
  62  6:05  Adept  
Show
View Real Time Build Order
Export as new Build Order

Demi Zerg 

Build Orders: Hatch First 

Get SALT Encoding   

  12  0:00  Drone  
  13  0:12  Overlord  
  13  0:17  Drone  
  14  0:30  Drone x2  
  16  0:49  Hatchery  
  15  0:52  Drone  
  15  0:55  Drone  
  17  0:58  Drone  
  18  1:09  Extractor  
  17  1:14  Spawning Pool  
  17  1:16  Drone  
  17  1:20  Drone  
  18  1:28  Drone  
  19  1:39  Drone  
  20  1:50  Overlord  
  20  2:00  Queen x2  
  24  2:01  Zergling x2  
  24  2:02  Zergling x2  
  26  2:08  Metabolic Boost  
  26  2:11  Drone  
  28  2:15  Drone  
  28  2:21  Drone  
  29  2:23  Drone  
  30  2:36  Hatchery  
  29  2:42  Overlord  
  29  2:49  Overlord x2  
  29  2:59  Queen  
  29  3:02  Drone x2  
  29  3:03  Drone  
  34  3:07  Drone x2  
  36  3:15  Queen  
  36  3:17  Drone  
  39  3:24  Drone x3  
  39  3:26  Drone  
  43  3:29  Drone x2  
  43  3:32  Drone  
  46  3:37  Overlord  
  46  3:40  Queen  
  48  3:47  Roach Warren  
  47  3:49  Drone  
  47  3:55  Drone x3  
  51  3:59  Spore Crawler, Drone  
  51  4:04  Drone x2  
  51  4:05  Zergling x2  
  51  4:07  Overlord  
  54  4:13  Zergling x6  
  57  4:18  Zergling x4  
  57  4:19  Zergling x2  
  57  4:20  Spore Crawler  
  57  4:23  Spore Crawler  
  57  4:25  Zergling x4  
  59  4:32  Zergling x8  
  59  4:33  Zergling x2  
  59  4:36  Overlord  
  64  4:43  Roach  
  64  4:44  Overlord  
  66  4:46  Roach  
  66  4:50  Overlord  
  66  4:51  Roach  
  66  4:52  Roach  
  72  4:56  Roach  
  72  4:57  Zergling x4  
  76  5:00  Overlord  
  76  5:04  Roach x2  
  79  5:15  Roach x2  
  79  5:19  Zergling x8  
  73  5:22  Zergling x2  
  73  5:23  Zergling x4  
  73  5:27  Zergling x2  
  73  5:28  Zergling x10  
  74  5:39  Zergling x2, Roach  
  74  5:40  Zergling x2  
  71  5:47  Drone  
  67  5:53  Drone x3  
  67  5:54  Drone x2  
  63  6:01  Drone  
  63  6:02  Drone  

Tags
 
Add a new tag
Caveats
  • Supply blocks, unpowered buildings, or Contaminate may cause inaccurate times.
  • Supply counts are checked every 10 seconds.